Blue Jackets vs Maple Leafs
(R1)
Created - February 14, 2018 at 23:00
Goals
|
| Blue Jackets |
1 |
1 |
1 |
3 |
| Maple Leafs |
1 |
1 |
3 |
5 |
|
Shots
|
| Blue Jackets |
7 |
17 |
9 |
33 |
| Maple Leafs |
11 |
9 |
13 |
33 |
|
1st period
1. Maple Leafs , Gilbert Brule 16 (Braydon Coburn 18, Taylor Chorney 8) at 16:58 (SH)
2. Blue Jackets , Pavel Datsyuk 27 (Martin Havlat 28, Ryan O'Byrne 9) at 17:36 (PP)
Penalties :
Pavel Datsyuk (Clb) for Holding (Minor) at 2:03, Zac Dalpe (Tor) for High sticking (Minor) at 10:35, Alex Killorn (Tor) for Interference (Minor) at 16:02
2nd period
3. Maple Leafs , Gilbert Brule 17 (Taylor Chorney 9, Marc-André Fleury) at 10:02
4. Blue Jackets , Peter Worrell 8 (Mike Brown 9, Jan Bulis 11) at 11:21
Penalties :
Tobias Enstrom (Tor) for Holding (Minor) at 2:14, Ben Smith (Tor) for Hooking (Minor) at 4:52, Mike Lundin (Clb) for Slashing (Minor) at 7:13, Fabian Brunnstrom (Tor) for Tripping (Minor) at 18:51
3rd period
5. Blue Jackets , Peter Worrell 9 (Mike Brown 10, François Beauchemin 6) at 0:49 (PP)
6. Maple Leafs , Eric Nystrom 13 (Evgeny Grachev 8, Braydon Coburn 19) at 10:53
7. Maple Leafs , Jordan Staal 15 (Claude Giroux 31, Taylor Chorney 10) at 12:46
8. Maple Leafs , Ben Smith 5 (Fabian Brunnstrom 11) at 13:44
Penalties :
Jan Bulis (Clb) for Roughing (Minor) at 5:21, Ben Smith (Tor) for Hooking (Minor) at 8:09
Goalie Stats
Rick DiPietro (Clb), 28 saves from 33 shots - (0.848), L, 20-21-2, 60:00 minutes
Marc-André Fleury (Tor), 30 saves from 33 shots - (0.909), W, 20-19-6, 60:00 minutes
Players Stats for Blue Jackets
Player Name G A P +/- PIM S H SB GA TA FO MP PP MP PK MP
------------------------------------------------------------------------------------
A.J Thelen 0 0 0 0 0 0 0 0 0 0 0/0 0:55 0:00 0:00
Andreas Nodl 0 0 0 -2 0 2 1 0 0 0 0/0 11:58 0:00 0:00
David Booth 0 0 0 -1 0 4 0 1 2 1 2/6 27:28 6:44 3:04
François Beauchemin 0 1 1 -1 0 1 4 1 0 1 0/0 19:42 3:28 2:17
Jan Bulis 0 1 1 -1 2 1 2 0 0 0 11/17 17:52 4:44 0:21
Jeff Taffe 0 0 0 0 0 0 1 0 0 0 0/0 5:22 0:00 1:11
Kevin Porter 0 0 0 0 0 0 0 0 0 0 0/1 4:37 0:00 0:11
Martin Havlat 0 1 1 -1 0 3 1 2 1 1 2/2 22:08 6:44 2:02
Mike Brown 0 2 2 -1 0 2 2 0 0 2 0/0 17:40 4:44 0:00
Mike Commodore 0 0 0 -3 0 0 1 0 0 0 0/0 10:19 0:00 1:04
Mike Lundin 0 0 0 0 2 2 0 1 0 2 0/0 30:22 8:00 2:36
Mike York 0 0 0 -2 0 0 0 0 0 0 0/1 11:57 0:00 0:00
Pavel Datsyuk 1 0 1 -1 2 8 2 0 2 0 14/33 22:12 6:44 2:13
Peter Mueller 0 0 0 -2 0 2 1 0 0 0 2/7 12:50 0:00 0:50
Peter Worrell 2 0 2 -1 0 2 2 0 0 0 0/1 19:33 4:44 2:02
Ryan O'Byrne 0 1 1 0 0 5 0 4 0 1 0/0 30:39 8:00 3:40
Tim Ramholt 0 0 0 -3 0 0 1 1 0 1 0/0 9:15 0:00 0:00
Torey Krug 0 0 0 -1 0 1 0 1 0 1 0/0 19:11 3:28 2:17
Players Stats for Maple Leafs
Player Name G A P +/- PIM S H SB GA TA FO MP PP MP PK MP
------------------------------------------------------------------------------------
Alex Killorn 0 0 0 0 2 2 0 0 0 1 0/0 9:12 0:00 0:00
Artemi Panarin 0 0 0 2 0 1 2 0 0 0 0/0 19:33 3:02 0:41
Ben Smith 1 0 1 0 4 1 6 0 1 0 0/0 10:02 0:00 0:00
Blake Comeau 0 0 0 1 0 1 0 0 0 0 0/0 6:44 0:00 0:00
Braydon Coburn 0 2 2 2 0 1 1 2 0 0 0/0 24:39 2:06 7:39
Claude Giroux 0 1 1 2 0 9 3 1 3 0 1/2 26:14 2:58 7:21
Colby Armstrong 0 0 0 0 0 0 0 0 1 0 0/0 12:59 2:59 0:00
Eric Nystrom 1 0 1 2 0 1 0 0 1 0 1/1 9:59 0:14 3:14
Evgeny Grachev 0 1 1 1 0 2 0 0 0 0 0/0 5:51 0:00 0:00
Fabian Brunnstrom 0 1 1 0 2 1 0 0 1 0 0/1 14:42 2:41 1:04
Gilbert Brule 2 0 2 1 0 4 0 1 0 0 4/10 17:10 2:40 3:14
John Klingberg 0 0 0 0 0 2 0 1 0 1 0/0 21:20 3:51 0:00
Jordan Staal 1 0 1 2 0 3 3 0 1 0 25/46 26:20 3:03 7:22
Marc-Édouard Vlasic 0 0 0 0 0 0 0 2 1 1 0/0 18:15 2:06 0:00
Ryan Parent 0 0 0 2 0 0 1 0 0 1 0/0 14:01 0:00 3:49
Taylor Chorney 0 3 3 4 0 3 0 3 0 0 0/0 18:54 0:00 7:39
Tobias Enstrom 0 0 0 0 2 1 2 2 1 1 0/0 23:05 3:51 3:49
Zac Dalpe 0 0 0 0 2 1 0 0 0 0 6/8 9:26 0:14 0:00
3 Stars
1 - Taylor Chorney (Tor)
2 - Gilbert Brule (Tor)
3 - Jordan Staal (Tor)
Power Play
Blue Jackets - 2 on 6 Attempt(s) - 33.33%
Maple Leafs - 0 on 3 Attempt(s) - 0.00%
Penalty Kill
Blue Jackets - 3 on 3 Attempt(s) - 100.00%
- Score 0 goal in Penalty Kill
Maple Leafs - 4 on 6 Attempt(s) - 66.67%
- Score 1 goal in Penalty Kill
Team Stat
Blue Jackets - Hits : 18 - Faceoff Wins : 31 - Blocked Shots : 11 - Penalty Minutes : 6
Maple Leafs - Hits : 18 - Faceoff Wins : 37 - Blocked Shots : 12 - Penalty Minutes : 12
Official
Referees : Pochmara Brian and Auger Stephane
Linesman : Thor Nelson and Jay Sharrers
Game Notes
No Game Note
Finance
Level 1 -- Attendance: 5227 (87.12%) -- Ticket Income $470,430
Level 2 -- Attendance: 4541 (90.82%) -- Ticket Income $249,755
Level 3 -- Attendance: 1781 (89.05%) -- Ticket Income $64,116
Level 4 -- Attendance: 3734 (93.35%) -- Ticket Income $93,350
Luxury Box -- Attendance: 961 (96.10%) -- Ticket Income $148,955
Game was played at the Maple Leafs Garden.
Total Attendance: 16244 (90.24%)
Total Ticket Income: $1,026,606
Other Income: $153,991
Total Income: $1,180,597
Blue Jackets
5 vs 5 Forward
Center Left Wing Right Wing Time % Phy DF OF
1 Pavel Datsyuk David Booth Martin Havlat 40 1 2 2
2 Jan Bulis Peter Worrell Mike Brown 30 1 2 2
3 Peter Mueller Mike York Andreas Nodl 20 1 2 2
4 Kevin Porter Jeff Taffe David Booth 10 1 2 2
5 vs 5 Defense
Defense Defense Time % Phy DF OF
1 Mike Lundin Ryan O'Byrne 40 1 2 2
2 François Beauchemin Torey Krug 30 1 2 2
3 Tim Ramholt Mike Commodore 20 1 2 2
4 A.J Thelen Mike Lundin 10 1 2 2
PowerPlay Forward
Center Left Wing Right Wing Time % Phy DF OF
1 Pavel Datsyuk David Booth Martin Havlat 60 1 2 2
2 Jan Bulis Peter Worrell Mike Brown 40 1 2 2
PowerPlay Defense
Defense Defense Time % Phy DF OF
1 Mike Lundin Ryan O'Byrne 60 1 2 2
2 François Beauchemin Torey Krug 40 1 2 2
Penalty Kill 4 Players Forward
Center Wing Time % Phy DF OF
1 David Booth Pavel Datsyuk 60 1 2 2
2 Martin Havlat Peter Worrell 40 1 2 2
Penalty Kill 4 Players Defense
Defense Defense Time % Phy DF OF
1 Mike Lundin Ryan O'Byrne 60 1 2 2
2 François Beauchemin Torey Krug 40 1 2 2
Penalty Kill - 3 Players Forward
Forward Time % Phy DF OF
1 David Booth 60 1 2 2
2 Pavel Datsyuk 40 1 2 2
Penalty Kill - 3 Players Defense
Defense Defense Time % Phy DF OF
1 Mike Lundin Ryan O'Byrne 60 1 2 2
2 François Beauchemin Torey Krug 40 1 2 2
4 vs 4 Forward
Center Wing Time % Phy DF OF
1 David Booth Pavel Datsyuk 60 1 2 2
2 Martin Havlat Peter Worrell 40 1 2 2
4 vs 4 Defense
Defense Defense Time % Phy DF OF
1 Mike Lundin Ryan O'Byrne 60 1 2 2
2 François Beauchemin Torey Krug 40 1 2 2
Last Minutes Offensive
Center Left Wing Right Wing Defense Defense
Pavel Datsyuk David Booth Martin Havlat Mike Lundin Ryan O'Byrne
Last Minutes Defensive
Center Left Wing Right Wing Defense Defense
Pavel Datsyuk David Booth Martin Havlat Mike Lundin Ryan O'Byrne
Goaltenders
Starting : Rick DiPietro
Backup : Keith Kinkaid
Extra Forwards
Normal : Mike York, Andreas Nodl, Peter Mueller - PP : Mike York, Andreas Nodl - PK : Peter Mueller
Extra Defensemen
Normal : Tim Ramholt, Mike Commodore, A.J Thelen - PP : Tim Ramholt - PK : Mike Commodore, A.J Thelen
Penalty Shots
David Booth, Pavel Datsyuk, Martin Havlat, Peter Worrell, Mike York
Scratches
Antti Miettinen (Healthy), Branislav Mezei (Fractured Metatarsal (Right Foot) Injury), Dave Steckel (Healthy)
Maple Leafs
5 vs 5 Forward
Center Left Wing Right Wing Time % Phy DF OF
1 Jordan Staal Artemi Panarin Claude Giroux 40 0 1 4
2 Gilbert Brule Fabian Brunnstrom Ben Smith 30 1 2 2
3 Zac Dalpe Alex Killorn Colby Armstrong 20 1 2 2
4 Evgeny Grachev Eric Nystrom Blake Comeau 10 1 2 2
5 vs 5 Defense
Defense Defense Time % Phy DF OF
1 John Klingberg Marc-Édouard Vlasic 40 0 1 4
2 Braydon Coburn Tobias Enstrom 30 0 2 2
3 Taylor Chorney Ryan Parent 20 1 2 2
4 Braydon Coburn Tobias Enstrom 10 1 2 2
PowerPlay Forward
Center Left Wing Right Wing Time % Phy DF OF
1 Jordan Staal Artemi Panarin Claude Giroux 60 1 2 2
2 Gilbert Brule Fabian Brunnstrom Colby Armstrong 40 1 2 2
PowerPlay Defense
Defense Defense Time % Phy DF OF
1 John Klingberg Tobias Enstrom 60 1 2 2
2 Marc-Édouard Vlasic Braydon Coburn 40 1 2 2
Penalty Kill 4 Players Forward
Center Wing Time % Phy DF OF
1 Jordan Staal Claude Giroux 60 1 2 2
2 Gilbert Brule Eric Nystrom 40 1 2 2
Penalty Kill 4 Players Defense
Defense Defense Time % Phy DF OF
1 Braydon Coburn Taylor Chorney 60 1 2 2
2 Tobias Enstrom Ryan Parent 40 1 2 2
Penalty Kill - 3 Players Forward
Forward Time % Phy DF OF
1 Jordan Staal 60 1 2 2
2 Gilbert Brule 40 1 2 2
Penalty Kill - 3 Players Defense
Defense Defense Time % Phy DF OF
1 Braydon Coburn Taylor Chorney 60 1 2 2
2 Tobias Enstrom Ryan Parent 40 1 2 2
4 vs 4 Forward
Center Wing Time % Phy DF OF
1 Jordan Staal Claude Giroux 60 1 2 2
2 Gilbert Brule Colby Armstrong 40 1 2 2
4 vs 4 Defense
Defense Defense Time % Phy DF OF
1 Braydon Coburn Tobias Enstrom 60 1 2 2
2 John Klingberg Marc-Édouard Vlasic 40 1 2 2
Last Minutes Offensive
Center Left Wing Right Wing Defense Defense
Jordan Staal Artemi Panarin Claude Giroux John Klingberg Tobias Enstrom
Last Minutes Defensive
Center Left Wing Right Wing Defense Defense
Jordan Staal Eric Nystrom Claude Giroux Ryan Parent Braydon Coburn
Goaltenders
Starting : Marc-André Fleury
Backup : Alex Stalock
Extra Forwards
Normal : Artemi Panarin, Colby Armstrong, Jordan Staal - PP : Ben Smith, Colby Armstrong - PK : Fabian Brunnstrom
Extra Defensemen
Normal : Tobias Enstrom, Ryan Parent, Braydon Coburn - PP : Marc-Édouard Vlasic - PK : Taylor Chorney, Ryan Parent
Penalty Shots
Claude Giroux, Artemi Panarin, Fabian Brunnstrom, Colby Armstrong, Jordan Staal
Scratches
None
% Time on Ice - Blue Jackets
Lines # - Real PCT - Wanted PCT - Time Play
Normal Forward
1 - 31% - 40% - 13:16
2 - 31% - 30% - 13:20
3 - 28% - 20% - 11:48
4 - 10% - 10% - 4:11
Normal Defense
1 - 45% - 40% - 18:59
2 - 32% - 30% - 13:26
3 - 22% - 20% - 9:15
4 - 2% - 10% - 0:55
PP Forward
1 - 59% - 60% - 6:44
2 - 41% - 40% - 4:44
PP Defense
1 - 70% - 60% - 8:00
2 - 30% - 40% - 3:28
PK Forward
1 - 66% - 60% - 3:55
2 - 34% - 40% - 2:02
PK Defense
1 - 62% - 60% - 3:40
2 - 38% - 40% - 2:17
PK3 Forward
1 - 0% - 60%
2 - 0% - 40%
PK3 Defense
1 - 0% - 60%
2 - 0% - 40%
44 Forward
1 - 0% - 60%
2 - 0% - 40%
44 Defense
1 - 0% - 60%
2 - 0% - 40%
Last Minute Offensive - 0:00
Last Minute Defensive - 0:00
Total
Forward - 60:00
Defense - 60:00
|
% Time on Ice - Maple Leafs
Lines # - Real PCT - Wanted PCT - Time Play
Normal Forward
1 - 38% - 40% - 16:18
2 - 26% - 30% - 11:13
3 - 22% - 20% - 9:13
4 - 14% - 10% - 5:51
Normal Defense
1 - 44% - 40% - 18:32
2 - 29% - 30% - 12:24
3 - 24% - 20% - 10:12
4 - 3% - 10% - 1:27
PP Forward
1 - 50% - 60% - 2:58
2 - 50% - 40% - 2:59
PP Defense
1 - 65% - 60% - 3:51
2 - 35% - 40% - 2:06
PK Forward
1 - 72% - 60% - 8:14
2 - 28% - 40% - 3:14
PK Defense
1 - 67% - 60% - 7:39
2 - 33% - 40% - 3:49
PK3 Forward
1 - 0% - 60%
2 - 0% - 40%
PK3 Defense
1 - 0% - 60%
2 - 0% - 40%
44 Forward
1 - 0% - 60%
2 - 0% - 40%
44 Defense
1 - 0% - 60%
2 - 0% - 40%
Last Minute Offensive - 0:00
Last Minute Defensive - 0:00
Total
Forward - 60:00
Defense - 60:00
|
Play by Play
1st period
0:01 of 1st period - David Booth wins face-off versus Jordan Staal in neutral zone.
0:30 of 1st period - Snap shot by David Booth.
0:30 of 1st period - Shot Blocked by John Klingberg.
0:40 of 1st period - Wrist shot by Mike Brown.
0:40 of 1st period - Stopped by Marc-André Fleury with a rebound.
1:41 of 1st period - Andreas Nodl is hit by Ben Smith and loses puck.
1:54 of 1st period - Snap shot by Peter Mueller.
1:54 of 1st period - Stopped by Marc-André Fleury without a rebound.
1:55 of 1st period - Zac Dalpe wins face-off versus Pavel Datsyuk in Maple Leafs zone.
2:03 of 1st period - Minor Penalty to Pavel Datsyuk for Holding.
2:04 of 1st period - David Booth wins face-off versus Jordan Staal in Blue Jackets zone.
3:39 of 1st period - Jan Bulis is hit by Claude Giroux and loses puck.
3:50 of 1st period - John Klingberg is hit by Peter Worrell and loses puck.
4:03 of 1st period - Penalty to Pavel Datsyuk is over, Pavel Datsyuk is back on ice.
4:12 of 1st period - Slapshot by Peter Mueller.
4:12 of 1st period - Shot Misses the Net.
5:33 of 1st period - Slapshot by Tobias Enstrom.
5:33 of 1st period - Stopped by Rick DiPietro with a rebound.
5:39 of 1st period - Slapshot by John Klingberg.
5:39 of 1st period - Shot Misses the Net.
5:59 of 1st period - Slapshot by Evgeny Grachev.
5:59 of 1st period - Deflect By Blake Comeau.
5:59 of 1st period - Stopped by Rick DiPietro without a rebound.
6:00 of 1st period - Jan Bulis wins face-off versus Jordan Staal in Blue Jackets zone.
6:07 of 1st period - Snap shot by Jordan Staal.
6:07 of 1st period - Stopped by Rick DiPietro without a rebound.
6:08 of 1st period - Jan Bulis wins face-off versus Jordan Staal in Blue Jackets zone.
6:51 of 1st period - Snap shot by Andreas Nodl.
6:51 of 1st period - Stopped by Marc-André Fleury without a rebound.
6:52 of 1st period - Zac Dalpe wins face-off versus Peter Mueller in Maple Leafs zone.
7:17 of 1st period - David Booth is hit by Artemi Panarin and loses puck.
7:21 of 1st period - Icing by Pavel Datsyuk.
7:22 of 1st period - Zac Dalpe wins face-off versus Pavel Datsyuk in Blue Jackets zone.
7:49 of 1st period - David Booth is hit by Jordan Staal and loses puck.
8:04 of 1st period - Claude Giroux is hit by Pavel Datsyuk.
8:10 of 1st period - Martin Havlat is hit by Claude Giroux and loses puck.
8:24 of 1st period - Wrist shot by Pavel Datsyuk.
8:24 of 1st period - Deflect By David Booth.
8:24 of 1st period - Shot Misses the Net.
8:24 of 1st period - Puck is out of play.
8:25 of 1st period - Jan Bulis wins face-off versus Zac Dalpe in Maple Leafs zone.
9:42 of 1st period - Icing by Braydon Coburn.
9:43 of 1st period - Eric Nystrom wins face-off versus Peter Mueller in Maple Leafs zone.
9:43 of 1st period - Eric Nystrom is hit by Andreas Nodl.
9:51 of 1st period - Snap shot by Mike York.
9:51 of 1st period - Shot Misses the Net.
9:56 of 1st period - Braydon Coburn is hit by Tim Ramholt and loses puck.
10:13 of 1st period - Snap shot by Jordan Staal.
10:13 of 1st period - Shot Misses the Net.
10:15 of 1st period - Slapshot by Claude Giroux.
10:15 of 1st period - Stopped by Rick DiPietro with a rebound.
10:19 of 1st period - Slapshot by Artemi Panarin.
10:19 of 1st period - Shot Misses the Net.
10:33 of 1st period - Wrist shot by Pavel Datsyuk.
10:33 of 1st period - Shot Misses the Net.
10:35 of 1st period - Minor Penalty to Zac Dalpe for High sticking.
10:36 of 1st period - Jordan Staal wins face-off versus Pavel Datsyuk in Maple Leafs zone.
11:11 of 1st period - Wrist shot by Jan Bulis.
11:11 of 1st period - Stopped by Marc-André Fleury with a rebound.
11:13 of 1st period - Slapshot by Torey Krug.
11:13 of 1st period - Shot Blocked by Taylor Chorney.
12:04 of 1st period - Ryan O'Byrne is hit by Artemi Panarin and loses puck.
12:35 of 1st period - Penalty to Zac Dalpe is over, Zac Dalpe is back on ice.
12:41 of 1st period - Snap shot by Colby Armstrong.
12:41 of 1st period - Shot Misses the Net.
12:43 of 1st period - Snap shot by Alex Killorn.
12:43 of 1st period - Stopped by Rick DiPietro with a rebound.
12:51 of 1st period - Slapshot by Mike York.
12:51 of 1st period - Shot Blocked by Marc-Édouard Vlasic.
13:03 of 1st period - Slapshot by Mike Brown.
13:03 of 1st period - Shot Misses the Net.
13:27 of 1st period - Backhand shot by Claude Giroux.
13:27 of 1st period - Deflect By Peter Mueller.
13:27 of 1st period - Stopped by Rick DiPietro without a rebound.
13:28 of 1st period - Peter Mueller wins face-off versus Jordan Staal in Blue Jackets zone.
13:28 of 1st period - Peter Mueller is hit by Jordan Staal.
13:47 of 1st period - Gilbert Brule is hit by Mike Brown.
13:51 of 1st period - François Beauchemin is hit by Braydon Coburn and loses puck.
14:12 of 1st period - Slapshot by Zac Dalpe.
14:12 of 1st period - Stopped by Rick DiPietro with a rebound.
14:26 of 1st period - Tim Ramholt is hit by Ryan Parent and loses puck.
14:34 of 1st period - Icing by Taylor Chorney.
14:35 of 1st period - Pavel Datsyuk wins face-off versus Jordan Staal in Maple Leafs zone.
14:42 of 1st period - Snap shot by Pavel Datsyuk.
14:42 of 1st period - Stopped by Marc-André Fleury without a rebound.
14:43 of 1st period - Pavel Datsyuk wins face-off versus Jordan Staal in Maple Leafs zone.
14:50 of 1st period - Slapshot by Jordan Staal.
14:50 of 1st period - Shot Blocked by Ryan O'Byrne.
14:52 of 1st period - Wrist shot by Artemi Panarin.
14:52 of 1st period - Shot Blocked by Ryan O'Byrne.
14:54 of 1st period - Slapshot by Marc-Édouard Vlasic.
14:54 of 1st period - Deflect By Claude Giroux.
14:54 of 1st period - Shot Blocked by Martin Havlat.
14:54 of 1st period - Puck is out of play.
14:55 of 1st period - Pavel Datsyuk wins face-off versus Jordan Staal in Blue Jackets zone.
15:10 of 1st period - Snap shot by Claude Giroux.
15:10 of 1st period - Stopped by Rick DiPietro without a rebound.
15:11 of 1st period - Jan Bulis wins face-off versus Gilbert Brule in Blue Jackets zone.
15:36 of 1st period - Martin Havlat is hit by Claude Giroux.
16:02 of 1st period - Minor Penalty to Alex Killorn for Interference.
16:03 of 1st period - Claude Giroux wins face-off versus Pavel Datsyuk in Maple Leafs zone.
16:08 of 1st period - Snap shot by Taylor Chorney.
16:08 of 1st period - Stopped by Rick DiPietro without a rebound.
16:09 of 1st period - Jordan Staal wins face-off versus Pavel Datsyuk in Blue Jackets zone.
16:12 of 1st period - Snap shot by Claude Giroux.
16:12 of 1st period - Shot Misses the Net.
16:35 of 1st period - Claude Giroux is hit by Jan Bulis and loses puck.
16:46 of 1st period - Snap shot by Peter Worrell.
16:46 of 1st period - Shot Misses the Net.
16:58 of 1st period - Backhand shot by Gilbert Brule.
16:58 of 1st period - Goal by Gilbert Brule - Blue Jackets : 0 - Maple Leafs : 1.
16:59 of 1st period - Pavel Datsyuk wins face-off versus Claude Giroux in neutral zone.
17:36 of 1st period - Snap shot by Pavel Datsyuk.
17:36 of 1st period - Goal by Pavel Datsyuk - Blue Jackets : 1 - Maple Leafs : 1.
17:37 of 1st period - Jordan Staal wins face-off versus Peter Worrell in neutral zone.
17:40 of 1st period - Slapshot by Claude Giroux.
17:40 of 1st period - Shot Misses the Net.
17:42 of 1st period - Snap shot by John Klingberg.
17:42 of 1st period - Shot Misses the Net.
17:44 of 1st period - Wrist shot by Jordan Staal.
17:44 of 1st period - Shot Misses the Net.
17:46 of 1st period - Wrist shot by Claude Giroux.
17:46 of 1st period - Stopped by Rick DiPietro with a rebound.
17:48 of 1st period - Slapshot by Marc-Édouard Vlasic.
17:48 of 1st period - Deflect By Claude Giroux.
17:48 of 1st period - Shot Misses the Net.
17:48 of 1st period - Puck is out of play.
17:49 of 1st period - Jordan Staal wins face-off versus Pavel Datsyuk in Blue Jackets zone.
17:50 of 1st period - Slapshot by Claude Giroux.
17:50 of 1st period - Shot Misses the Net.
18:25 of 1st period - Wrist shot by Peter Worrell.
18:25 of 1st period - Deflect By Mike Brown.
18:25 of 1st period - Stopped by Marc-André Fleury with a rebound.
19:05 of 1st period - Colby Armstrong is hit by Mike Commodore and loses puck.
19:46 of 1st period - Eric Nystrom is hit by Mike Brown and loses puck.
Goals for this period are 1 for Blue Jackets vs 1 for Maple Leafs.
Shots for this period are 7 for Blue Jackets vs 11 for Maple Leafs.
2nd period
0:01 of 2nd period - Pavel Datsyuk wins face-off versus Jordan Staal in neutral zone.
0:26 of 2nd period - Braydon Coburn is hit by Jan Bulis and loses puck.
0:31 of 2nd period - Snap shot by Mike Brown.
0:31 of 2nd period - Shot Misses the Net.
0:37 of 2nd period - Snap shot by Peter Worrell.
0:37 of 2nd period - Shot Blocked by Braydon Coburn.
0:39 of 2nd period - Snap shot by Torey Krug.
0:39 of 2nd period - Stopped by Marc-André Fleury without a rebound.
0:40 of 2nd period - Jordan Staal wins face-off versus Pavel Datsyuk in Maple Leafs zone.
0:40 of 2nd period - Jordan Staal is hit by François Beauchemin.
1:04 of 2nd period - Peter Worrell is hit by Ben Smith and loses puck.
1:47 of 2nd period - Wrist shot by Martin Havlat.
1:47 of 2nd period - Stopped by Marc-André Fleury with a rebound.
1:49 of 2nd period - Wrist shot by David Booth.
1:49 of 2nd period - Deflect By Pavel Datsyuk.
1:49 of 2nd period - Stopped by Marc-André Fleury with a rebound.
1:51 of 2nd period - Slapshot by Ryan O'Byrne.
1:51 of 2nd period - Stopped by Marc-André Fleury without a rebound.
1:52 of 2nd period - Pavel Datsyuk wins face-off versus Jordan Staal in Maple Leafs zone.
1:53 of 2nd period - Snap shot by Martin Havlat.
1:53 of 2nd period - Stopped by Marc-André Fleury without a rebound.
1:54 of 2nd period - Pavel Datsyuk wins face-off versus Jordan Staal in Maple Leafs zone.
2:01 of 2nd period - Snap shot by Pavel Datsyuk.
2:01 of 2nd period - Stopped by Marc-André Fleury with a rebound.
2:03 of 2nd period - Slapshot by Ryan O'Byrne.
2:03 of 2nd period - Shot Misses the Net.
2:14 of 2nd period - Minor Penalty to Tobias Enstrom for Holding.
2:15 of 2nd period - Jordan Staal wins face-off versus Pavel Datsyuk in Maple Leafs zone.
2:23 of 2nd period - Claude Giroux is hit by Pavel Datsyuk and loses puck.
2:30 of 2nd period - Wrist shot by Pavel Datsyuk.
2:30 of 2nd period - Stopped by Marc-André Fleury without a rebound.
2:31 of 2nd period - Jordan Staal wins face-off versus Pavel Datsyuk in Maple Leafs zone.
2:44 of 2nd period - Wrist shot by Pavel Datsyuk.
2:44 of 2nd period - Shot Blocked by Taylor Chorney.
2:46 of 2nd period - Snap shot by Mike Lundin.
2:46 of 2nd period - Stopped by Marc-André Fleury without a rebound.
2:47 of 2nd period - Jordan Staal wins face-off versus Jan Bulis in Maple Leafs zone.
2:56 of 2nd period - Snap shot by Claude Giroux.
2:56 of 2nd period - Stopped by Rick DiPietro without a rebound.
2:57 of 2nd period - Jordan Staal wins face-off versus Jan Bulis in Blue Jackets zone.
3:08 of 2nd period - Wrist shot by Claude Giroux.
3:08 of 2nd period - Stopped by Rick DiPietro without a rebound.
3:09 of 2nd period - Pavel Datsyuk wins face-off versus Jordan Staal in Blue Jackets zone.
3:25 of 2nd period - Snap shot by Martin Havlat.
3:25 of 2nd period - Stopped by Marc-André Fleury without a rebound.
3:26 of 2nd period - Jordan Staal wins face-off versus Jan Bulis in Maple Leafs zone.
3:37 of 2nd period - Backhand shot by Ryan O'Byrne.
3:37 of 2nd period - Stopped by Marc-André Fleury without a rebound.
3:38 of 2nd period - Martin Havlat wins face-off versus Jordan Staal in Maple Leafs zone.
3:51 of 2nd period - Snap shot by Martin Havlat.
3:51 of 2nd period - Shot Misses the Net.
4:14 of 2nd period - Penalty to Tobias Enstrom is over, Tobias Enstrom is back on ice.
4:26 of 2nd period - Snap shot by Andreas Nodl.
4:26 of 2nd period - Stopped by Marc-André Fleury with a rebound.
4:28 of 2nd period - Slapshot by Mike Lundin.
4:28 of 2nd period - Stopped by Marc-André Fleury without a rebound.
4:29 of 2nd period - Jordan Staal wins face-off versus Pavel Datsyuk in Maple Leafs zone.
4:52 of 2nd period - Minor Penalty to Ben Smith for Hooking.
4:53 of 2nd period - Jordan Staal wins face-off versus Pavel Datsyuk in Maple Leafs zone.
6:52 of 2nd period - Penalty to Ben Smith is over, Ben Smith is back on ice.
7:13 of 2nd period - Minor Penalty to Mike Lundin for Slashing.
7:14 of 2nd period - Pavel Datsyuk wins face-off versus Jordan Staal in Blue Jackets zone.
7:51 of 2nd period - Icing by John Klingberg.
7:52 of 2nd period - Martin Havlat wins face-off versus Gilbert Brule in Maple Leafs zone.
8:05 of 2nd period - Snap shot by Martin Havlat.
8:05 of 2nd period - Shot Blocked by Tobias Enstrom.
8:11 of 2nd period - Slapshot by Tobias Enstrom.
8:11 of 2nd period - Shot Blocked by Ryan O'Byrne.
8:13 of 2nd period - Wrist shot by Colby Armstrong.
8:13 of 2nd period - Shot Misses the Net.
8:15 of 2nd period - Wrist shot by Fabian Brunnstrom.
8:15 of 2nd period - Stopped by Rick DiPietro without a rebound.
8:16 of 2nd period - Jordan Staal wins face-off versus David Booth in Blue Jackets zone.
9:13 of 2nd period - Penalty to Mike Lundin is over, Mike Lundin is back on ice.
10:02 of 2nd period - Snap shot by Gilbert Brule.
10:02 of 2nd period - Goal by Gilbert Brule - Blue Jackets : 1 - Maple Leafs : 2.
10:03 of 2nd period - Jan Bulis wins face-off versus Jordan Staal in neutral zone.
10:49 of 2nd period - Snap shot by Peter Mueller.
10:49 of 2nd period - Stopped by Marc-André Fleury without a rebound.
10:50 of 2nd period - Gilbert Brule wins face-off versus Peter Mueller in Maple Leafs zone.
11:21 of 2nd period - Snap shot by Peter Worrell.
11:21 of 2nd period - Goal by Peter Worrell - Blue Jackets : 2 - Maple Leafs : 2.
11:22 of 2nd period - Jordan Staal wins face-off versus Pavel Datsyuk in neutral zone.
11:25 of 2nd period - Pavel Datsyuk is hit by Tobias Enstrom and loses puck.
12:27 of 2nd period - Eric Nystrom is hit by François Beauchemin and loses puck.
12:52 of 2nd period - Wrist shot by Jordan Staal.
12:52 of 2nd period - Shot Misses the Net.
14:45 of 2nd period - Snap shot by Zac Dalpe.
14:45 of 2nd period - Shot Blocked by Ryan O'Byrne.
14:47 of 2nd period - Snap shot by Alex Killorn.
14:47 of 2nd period - Stopped by Rick DiPietro without a rebound.
14:48 of 2nd period - Jordan Staal wins face-off versus Mike York in Blue Jackets zone.
15:05 of 2nd period - Wrist shot by Claude Giroux.
15:05 of 2nd period - Stopped by Rick DiPietro with a rebound.
15:21 of 2nd period - Wrist shot by Pavel Datsyuk.
15:21 of 2nd period - Stopped by Marc-André Fleury with a rebound.
15:41 of 2nd period - Snap shot by Mike Brown.
15:41 of 2nd period - Shot Blocked by Taylor Chorney.
16:14 of 2nd period - Snap shot by Eric Nystrom.
16:14 of 2nd period - Shot Misses the Net.
16:16 of 2nd period - Slapshot by Taylor Chorney.
16:16 of 2nd period - Shot Blocked by François Beauchemin.
16:18 of 2nd period - Wrist shot by Claude Giroux.
16:18 of 2nd period - Stopped by Rick DiPietro with a rebound.
16:26 of 2nd period - Wrist shot by Jordan Staal.
16:26 of 2nd period - Deflect By Claude Giroux.
16:26 of 2nd period - Stopped by Rick DiPietro without a rebound.
16:27 of 2nd period - Jan Bulis wins face-off versus Gilbert Brule in Blue Jackets zone.
16:57 of 2nd period - Off-side.
16:58 of 2nd period - Pavel Datsyuk wins face-off versus Jordan Staal in neutral zone.
17:25 of 2nd period - Wrist shot by Martin Havlat.
17:25 of 2nd period - Shot Misses the Net.
17:27 of 2nd period - Slapshot by Torey Krug.
17:27 of 2nd period - Shot Misses the Net.
17:29 of 2nd period - Slapshot by François Beauchemin.
17:29 of 2nd period - Stopped by Marc-André Fleury without a rebound.
17:30 of 2nd period - Gilbert Brule wins face-off versus Jan Bulis in Maple Leafs zone.
17:30 of 2nd period - Gilbert Brule is hit by Peter Worrell.
17:36 of 2nd period - Snap shot by Braydon Coburn.
17:36 of 2nd period - Stopped by Rick DiPietro without a rebound.
17:37 of 2nd period - Jan Bulis wins face-off versus Fabian Brunnstrom in Blue Jackets zone.
17:37 of 2nd period - Jan Bulis is hit by Tobias Enstrom.
18:38 of 2nd period - Snap shot by Pavel Datsyuk.
18:38 of 2nd period - Stopped by Marc-André Fleury without a rebound.
18:39 of 2nd period - Gilbert Brule wins face-off versus David Booth in Maple Leafs zone.
18:51 of 2nd period - Minor Penalty to Fabian Brunnstrom for Tripping.
18:52 of 2nd period - Pavel Datsyuk wins face-off versus Jordan Staal in Maple Leafs zone.
19:24 of 2nd period - Braydon Coburn is hit by François Beauchemin and loses puck.
Goals for this period are 1 for Blue Jackets vs 1 for Maple Leafs.
Shots for this period are 17 for Blue Jackets vs 9 for Maple Leafs.
3rd period
0:01 of 3rd period - Jordan Staal wins face-off versus Pavel Datsyuk in neutral zone.
0:29 of 3rd period - Snap shot by Mike Brown.
0:29 of 3rd period - Shot Misses the Net.
0:31 of 3rd period - Slapshot by Jan Bulis.
0:31 of 3rd period - Shot Misses the Net.
0:33 of 3rd period - Snap shot by Ryan O'Byrne.
0:33 of 3rd period - Stopped by Marc-André Fleury without a rebound.
0:34 of 3rd period - Jordan Staal wins face-off versus Jan Bulis in Maple Leafs zone.
0:49 of 3rd period - Backhand shot by Peter Worrell.
0:49 of 3rd period - Goal by Peter Worrell - Blue Jackets : 3 - Maple Leafs : 2.
0:50 of 3rd period - Pavel Datsyuk wins face-off versus Jordan Staal in neutral zone.
0:57 of 3rd period - Slapshot by David Booth.
0:57 of 3rd period - Stopped by Marc-André Fleury with a rebound.
0:59 of 3rd period - Slapshot by David Booth.
0:59 of 3rd period - Stopped by Marc-André Fleury without a rebound.
1:00 of 3rd period - Jordan Staal wins face-off versus Pavel Datsyuk in Maple Leafs zone.
1:11 of 3rd period - Wrist shot by Martin Havlat.
1:11 of 3rd period - Shot Misses the Net.
1:13 of 3rd period - Wrist shot by Pavel Datsyuk.
1:13 of 3rd period - Stopped by Marc-André Fleury without a rebound.
1:14 of 3rd period - Jordan Staal wins face-off versus Pavel Datsyuk in Maple Leafs zone.
1:46 of 3rd period - Peter Worrell is hit by Ben Smith and loses puck.
2:10 of 3rd period - Wrist shot by Evgeny Grachev.
2:10 of 3rd period - Stopped by Rick DiPietro with a rebound.
2:36 of 3rd period - Wrist shot by Artemi Panarin.
2:36 of 3rd period - Shot Blocked by David Booth.
2:38 of 3rd period - Slapshot by Taylor Chorney.
2:38 of 3rd period - Stopped by Rick DiPietro without a rebound.
2:39 of 3rd period - Jan Bulis wins face-off versus Gilbert Brule in Blue Jackets zone.
2:54 of 3rd period - Slapshot by Mike Brown.
2:54 of 3rd period - Shot Blocked by Marc-Édouard Vlasic.
4:03 of 3rd period - Wrist shot by Alex Killorn.
4:03 of 3rd period - Shot Misses the Net.
4:09 of 3rd period - Zac Dalpe is hit by François Beauchemin and loses puck.
4:30 of 3rd period - Snap shot by Jordan Staal.
4:30 of 3rd period - Shot Misses the Net.
4:42 of 3rd period - Snap shot by Andreas Nodl.
4:42 of 3rd period - Shot Blocked by Gilbert Brule.
5:21 of 3rd period - Minor Penalty to Jan Bulis for Roughing.
5:22 of 3rd period - Jordan Staal wins face-off versus David Booth in Blue Jackets zone.
6:36 of 3rd period - John Klingberg is hit by Jeff Taffe and loses puck.
7:21 of 3rd period - Penalty to Jan Bulis is over, Jan Bulis is back on ice.
8:09 of 3rd period - Minor Penalty to Ben Smith for Hooking.
8:10 of 3rd period - Jordan Staal wins face-off versus Pavel Datsyuk in Maple Leafs zone.
8:10 of 3rd period - Jordan Staal is hit by Martin Havlat.
8:16 of 3rd period - Slapshot by Taylor Chorney.
8:16 of 3rd period - Stopped by Rick DiPietro without a rebound.
8:17 of 3rd period - Jordan Staal wins face-off versus Pavel Datsyuk in Blue Jackets zone.
10:09 of 3rd period - Penalty to Ben Smith is over, Ben Smith is back on ice.
10:53 of 3rd period - Slapshot by Evgeny Grachev.
10:53 of 3rd period - Deflect By Eric Nystrom.
10:53 of 3rd period - Goal by Eric Nystrom - Blue Jackets : 3 - Maple Leafs : 3.
10:54 of 3rd period - Jordan Staal wins face-off versus Pavel Datsyuk in neutral zone.
10:57 of 3rd period - Snap shot by Claude Giroux.
10:57 of 3rd period - Deflect By Artemi Panarin.
10:57 of 3rd period - Stopped by Rick DiPietro with a rebound.
10:59 of 3rd period - Wrist shot by Marc-Édouard Vlasic.
10:59 of 3rd period - Shot Blocked by Martin Havlat.
11:01 of 3rd period - Slapshot by John Klingberg.
11:01 of 3rd period - Stopped by Rick DiPietro without a rebound.
11:02 of 3rd period - Jordan Staal wins face-off versus Pavel Datsyuk in Blue Jackets zone.
11:13 of 3rd period - Wrist shot by Jordan Staal.
11:13 of 3rd period - Shot Blocked by Mike Lundin.
11:15 of 3rd period - Slapshot by John Klingberg.
11:15 of 3rd period - Deflect By Martin Havlat.
11:15 of 3rd period - Stopped by Rick DiPietro with a rebound.
11:17 of 3rd period - Snap shot by Jordan Staal.
11:17 of 3rd period - Stopped by Rick DiPietro without a rebound.
11:18 of 3rd period - Jan Bulis wins face-off versus Gilbert Brule in Blue Jackets zone.
12:31 of 3rd period - Slapshot by Evgeny Grachev.
12:31 of 3rd period - Stopped by Rick DiPietro without a rebound.
12:32 of 3rd period - Jan Bulis wins face-off versus Jordan Staal in Blue Jackets zone.
12:32 of 3rd period - Jan Bulis is hit by Jordan Staal.
12:44 of 3rd period - Slapshot by Jordan Staal.
12:44 of 3rd period - Shot Blocked by Tim Ramholt.
12:46 of 3rd period - Snap shot by Jordan Staal.
12:46 of 3rd period - Goal by Jordan Staal - Blue Jackets : 3 - Maple Leafs : 4.
12:47 of 3rd period - Jordan Staal wins face-off versus David Booth in neutral zone.
13:20 of 3rd period - Icing by Marc-Édouard Vlasic.
13:21 of 3rd period - Gilbert Brule wins face-off versus Jan Bulis in Maple Leafs zone.
13:37 of 3rd period - Peter Worrell is hit by Ben Smith and loses puck.
13:44 of 3rd period - Wrist shot by Ben Smith.
13:44 of 3rd period - Goal by Ben Smith - Blue Jackets : 3 - Maple Leafs : 5.
13:45 of 3rd period - Pavel Datsyuk wins face-off versus Jordan Staal in neutral zone.
13:52 of 3rd period - Slapshot by Mike Lundin.
13:52 of 3rd period - Shot Misses the Net.
13:54 of 3rd period - Snap shot by Pavel Datsyuk.
13:54 of 3rd period - Deflect By David Booth.
13:54 of 3rd period - Shot Blocked by Claude Giroux.
13:54 of 3rd period - Puck is out of play.
13:55 of 3rd period - Pavel Datsyuk wins face-off versus Jordan Staal in Maple Leafs zone.
13:58 of 3rd period - Wrist shot by Pavel Datsyuk.
13:58 of 3rd period - Shot Misses the Net.
14:38 of 3rd period - Wrist shot by David Booth.
14:38 of 3rd period - Stopped by Marc-André Fleury with a rebound.
14:40 of 3rd period - Slapshot by Ryan O'Byrne.
14:40 of 3rd period - Shot Blocked by Braydon Coburn.
14:42 of 3rd period - Snap shot by Pavel Datsyuk.
14:42 of 3rd period - Shot Blocked by Tobias Enstrom.
14:48 of 3rd period - Wrist shot by Martin Havlat.
14:48 of 3rd period - Shot Misses the Net.
15:02 of 3rd period - Wrist shot by Pavel Datsyuk.
15:02 of 3rd period - Shot Misses the Net.
15:04 of 3rd period - Slapshot by Ryan O'Byrne.
15:04 of 3rd period - Stopped by Marc-André Fleury with a rebound.
15:06 of 3rd period - Wrist shot by Mike Lundin.
15:06 of 3rd period - Shot Misses the Net.
15:08 of 3rd period - Backhand shot by Ryan O'Byrne.
15:08 of 3rd period - Deflect By Claude Giroux.
15:08 of 3rd period - Stopped by Marc-André Fleury without a rebound.
15:09 of 3rd period - Zac Dalpe wins face-off versus Peter Mueller in Maple Leafs zone.
15:14 of 3rd period - Slapshot by Zac Dalpe.
15:14 of 3rd period - Deflect By François Beauchemin.
15:14 of 3rd period - Shot Blocked by Torey Krug.
15:14 of 3rd period - Puck is out of play.
15:15 of 3rd period - Peter Mueller wins face-off versus Zac Dalpe in Blue Jackets zone.
16:02 of 3rd period - Snap shot by Fabian Brunnstrom.
16:02 of 3rd period - Shot Misses the Net.
16:04 of 3rd period - Snap shot by Ben Smith.
16:04 of 3rd period - Deflect By Gilbert Brule.
16:04 of 3rd period - Stopped by Rick DiPietro without a rebound.
16:05 of 3rd period - Jan Bulis wins face-off versus Gilbert Brule in Blue Jackets zone.
16:05 of 3rd period - Jan Bulis is hit by Ben Smith.
16:21 of 3rd period - Wrist shot by Colby Armstrong.
16:21 of 3rd period - Deflect By Alex Killorn.
16:21 of 3rd period - Shot Misses the Net.
16:21 of 3rd period - Puck is out of play.
16:22 of 3rd period - Zac Dalpe wins face-off versus Kevin Porter in Blue Jackets zone.
16:54 of 3rd period - Snap shot by Claude Giroux.
16:54 of 3rd period - Shot Misses the Net.
17:01 of 3rd period - Icing by Mike York.
17:02 of 3rd period - Zac Dalpe wins face-off versus Peter Mueller in Blue Jackets zone.
17:33 of 3rd period - Wrist shot by David Booth.
17:33 of 3rd period - Stopped by Marc-André Fleury with a rebound.
17:51 of 3rd period - Wrist shot by Gilbert Brule.
17:51 of 3rd period - Stopped by Rick DiPietro with a rebound.
17:57 of 3rd period - Mike Lundin is hit by Ben Smith and loses puck.
19:33 of 3rd period - Eric Nystrom is hit by Peter Mueller and loses puck.
Goals for this period are 1 for Blue Jackets vs 3 for Maple Leafs.
Shots for this period are 9 for Blue Jackets vs 13 for Maple Leafs.
Back to the Top